[ AOE2 MATCH · #505145685 ]
UnrankedVikings vs Poles
Player's team · LOSS
Rival team · WIN
[ REPLAY ANALYSIS · EXTRACTED FROM THE RECORDED GAME ]
Feudal
12:09
Castle
25:41
Imperial
43:04
| APM avg | 56.0 |
| APM peak | 92 |
| eAPM avg | 26.6 |
| Villagers / military | 92 / 168 |
Focus
⚔️ 44.7% · 🌾 55.3%
Archer ×156 · Skirmisher ×10 · Spearman ×2
Feudal
11:07
Castle
22:52
Imperial
41:54
| APM avg | 39.5 |
| APM peak | 68 |
| eAPM avg | 21.8 |
| Villagers / military | 139 / 154 |
Focus
⚔️ 33.5% · 🌾 66.5%
Knight ×115 · Skirmisher ×21 · Battering Ram ×9 · Archer ×5 · Monk ×2 · Mangonel ×1
Match map
Initial resources + every placement click. Lines = walls · curves = elevation contours. ◆ gold · ⬟ stone · ● berries · ✦ relic · ◌ wall gap
Your base· Open — unwalled flank
HaleDuck's base· Open — 6t gap
Smoothed initial terrain · ◌ = detected wall gap · hover for details
Inputs per minute
— DaRKN' - - HaleDuck
Build order — DaRKN'
First 150 of 369 actions detected
| 0:24 | Build | Town Center |
| 0:29 | Build | House |
| 2:33 | Queue | Villager (Male) |
| 2:33 | Queue | Villager (Male) |
| 2:43 | Queue | Villager (Male) |
| 3:04 | Queue | Villager (Male) |
| 4:14 | Queue | Villager (Male) |
| 4:28 | Queue | Villager (Male) |
| 4:46 | Build | Lumber Camp |
| 4:53 | Queue | Villager (Male) |
| 4:53 | Queue | Villager (Male) |
| 5:05 | Queue | Villager (Male) |
| 5:08 | Build | House |
| 6:15 | Queue | Villager (Male) |
| 6:30 | Queue | Villager (Male) |
| 6:32 | Build | Mill |
| 6:59 | Build | House |
| 7:14 | Queue | Villager (Male) |
| 7:15 | Queue | Villager (Male) |
| 7:36 | Queue | Villager (Male) |
| 8:10 | Queue | Villager (Male) |
| 8:25 | Research | Loom |
| 9:24 | Queue | Villager (Male) |
| 9:59 | Research | Feudal Age |
| 9:59 | Research | Feudal Age |
| 10:38 | Build | Barracks |
| 10:42 | Build | House |
| 12:09 | Age | Feudal Age |
| 12:10 | Build | Archery Range |
| 12:10 | Queue | Villager (Male) |
| 12:11 | Queue | Spearman |
| 12:11 | Queue | Spearman |
| 12:13 | Research | Double-Bit Axe |
| 12:21 | Build | House |
| 12:26 | Build | House |
| 12:31 | Build | Palisade Wall |
| 12:39 | Queue | Villager (Male) |
| 12:56 | Queue | Archer |
| 12:57 | Queue | Archer |
| 13:07 | Build | Archery Range |
| 14:03 | Queue | Archer |
| 14:04 | Queue | Archer |
| 14:04 | Queue | Archer |
| 14:08 | Build | Farm |
| 14:09 | Build | Farm |
| 14:18 | Build | Farm |
| 14:25 | Queue | Archer |
| 14:26 | Queue | Archer |
| 14:34 | Build | Farm |
| 14:37 | Queue | Archer |
| 14:59 | Build | Farm |
| 15:04 | Queue | Archer |
| 15:10 | Queue | Villager (Male) |
| 15:17 | Build | House |
| 15:18 | Build | House |
| 15:25 | Queue | Archer |
| 15:29 | Queue | Archer |
| 15:36 | Queue | Archer |
| 15:42 | Build | Farm |
| 15:44 | Queue | Villager (Male) |
| 15:45 | Queue | Archer |
| 15:54 | Queue | Archer |
| 16:13 | Build | Blacksmith |
| 16:17 | Queue | Archer |
| 16:18 | Queue | Villager (Male) |
| 16:37 | Build | Farm |
| 16:41 | Queue | Archer |
| 16:42 | Queue | Archer |
| 16:56 | Research | Fletching |
| 16:57 | Queue | Archer |
| 16:58 | Queue | Archer |
| 17:09 | Build | Palisade Wall |
| 17:14 | Queue | Archer |
| 17:28 | Build | Farm |
| 17:30 | Queue | Villager (Male) |
| 17:31 | Queue | Archer |
| 17:31 | Queue | Archer |
| 17:48 | Queue | Archer |
| 17:53 | Queue | Villager (Male) |
| 18:05 | Queue | Archer |
| 18:06 | Queue | Archer |
| 18:22 | Queue | Villager (Male) |
| 18:23 | Queue | Archer |
| 18:26 | Build | Farm |
| 18:39 | Queue | Skirmisher |
| 18:39 | Queue | Skirmisher |
| 18:48 | Research | Padded Archer Armor |
| 18:49 | Queue | Archer |
| 18:50 | Queue | Archer |
| 18:53 | Build | House |
| 18:54 | Build | House |
| 18:59 | Queue | Archer |
| 19:06 | Queue | Archer |
| 19:10 | Queue | Villager (Male) |
| 19:29 | Build | House |
| 19:30 | Build | House |
| 19:31 | Queue | Archer |
| 19:32 | Queue | Archer |
| 19:44 | Queue | Villager (Male) |
| 19:44 | Queue | Villager (Male) |
| 19:47 | Build | Farm |
| 19:55 | Queue | Archer |
| 19:58 | Queue | Archer |
| 20:07 | Queue | Villager (Male) |
| 20:13 | Queue | Villager (Male) |
| 20:21 | Queue | Archer |
| 20:31 | Queue | Archer |
| 20:54 | Build | Market |
| 21:26 | Queue | Villager (Male) |
| 21:29 | Build | Farm |
| 21:30 | Build | Farm |
| 21:35 | Build | Lumber Camp |
| 21:45 | Build | Farm |
| 21:50 | Build | Farm |
| 21:54 | Queue | Villager (Male) |
| 22:17 | Queue | Villager (Male) |
| 22:24 | Build | Farm |
| 22:24 | Build | Farm |
| 22:31 | Queue | Villager (Male) |
| 22:32 | Build | Farm |
| 23:02 | Research | Castle Age |
| 23:02 | Research | Castle Age |
| 23:04 | Queue | Skirmisher |
| 23:04 | Queue | Skirmisher |
| 23:08 | Queue | Skirmisher |
| 23:22 | Build | Farm |
| 23:23 | Queue | Villager (Male) |
| 23:32 | Queue | Skirmisher |
| 23:34 | Queue | Skirmisher |
| 23:35 | Queue | Villager (Male) |
| 23:44 | Queue | Skirmisher |
| 23:47 | Queue | Villager (Male) |
| 24:07 | Queue | Skirmisher |
| 24:08 | Queue | Villager (Male) |
| 24:24 | Build | House |
| 24:29 | Build | Palisade Wall |
| 24:31 | Build | Palisade Wall |
| 24:33 | Build | Palisade Wall |
| 25:20 | Queue | Archer |
| 25:21 | Queue | Archer |
| 25:22 | Queue | Skirmisher |
| 25:41 | Age | Castle Age |
| 25:46 | Research | Crossbowman (upgrade) |
| 25:59 | Research | Bodkin Arrow |
| 25:59 | Queue | Archer |
| 26:00 | Queue | Archer |
| 26:08 | Queue | Villager (Male) |
| 26:08 | Queue | Villager (Male) |
| 26:23 | Build | Farm |
| 26:25 | Queue | Archer |
Build order — HaleDuck
First 150 of 481 actions detected
| 0:06 | Build | Town Center |
| 0:51 | Build | Palisade Wall |
| 0:54 | Build | Palisade Wall |
| 1:28 | Build | House |
| 1:28 | Build | House |
| 2:07 | Queue | Villager (Male) |
| 2:07 | Queue | Villager (Male) |
| 2:08 | Queue | Villager (Male) |
| 2:08 | Queue | Villager (Male) |
| 3:14 | Build | Mill |
| 3:22 | Build | Mill |
| 3:46 | Queue | Villager (Male) |
| 4:01 | Queue | Villager (Male) |
| 4:33 | Queue | Villager (Male) |
| 4:54 | Queue | Villager (Male) |
| 5:28 | Build | House |
| 5:35 | Queue | Villager (Male) |
| 5:45 | Build | House |
| 5:55 | Queue | Villager (Male) |
| 6:03 | Queue | Villager (Male) |
| 6:08 | Build | House |
| 6:34 | Queue | Villager (Male) |
| 6:56 | Build | Mining Camp |
| 6:57 | Queue | Villager (Male) |
| 7:20 | Build | House |
| 7:40 | Queue | Villager (Male) |
| 7:40 | Queue | Villager (Male) |
| 7:50 | Queue | Villager (Male) |
| 8:00 | Queue | Villager (Male) |
| 8:15 | Research | Loom |
| 8:57 | Research | Feudal Age |
| 9:09 | Build | Barracks |
| 9:44 | Build | House |
| 10:23 | Build | Lumber Camp |
| 10:25 | Queue | Villager (Male) |
| 10:41 | Build | House |
| 11:07 | Age | Feudal Age |
| 11:09 | Build | Archery Range |
| 11:14 | Queue | Villager (Male) |
| 11:20 | Research | Double-Bit Axe |
| 11:43 | Research | Horse Collar |
| 11:59 | Queue | Villager (Male) |
| 12:03 | Build | House |
| 12:08 | Queue | Archer |
| 12:09 | Queue | Archer |
| 12:17 | Build | Farm |
| 12:29 | Queue | Villager (Male) |
| 12:31 | Queue | Archer |
| 12:45 | Queue | Archer |
| 12:46 | Build | House |
| 12:48 | Build | Palisade Wall |
| 12:50 | Build | Palisade Wall |
| 12:55 | Queue | Villager (Male) |
| 13:13 | Queue | Skirmisher |
| 13:29 | Queue | Villager (Male) |
| 13:55 | Queue | Villager (Male) |
| 14:07 | Queue | Skirmisher |
| 14:09 | Queue | Villager (Male) |
| 14:14 | Build | Blacksmith |
| 14:15 | Queue | Villager (Male) |
| 14:22 | Build | Palisade Wall |
| 14:23 | Build | Palisade Wall |
| 14:39 | Build | Farm |
| 14:42 | Build | Farm |
| 14:42 | Build | Farm |
| 14:43 | Build | Farm |
| 14:43 | Build | Farm |
| 14:47 | Queue | Villager (Male) |
| 14:51 | Queue | Skirmisher |
| 14:56 | Build | House |
| 14:57 | Build | Palisade Wall |
| 15:00 | Build | Palisade Wall |
| 15:28 | Research | Padded Archer Armor |
| 15:35 | Build | Farm |
| 15:43 | Build | Palisade Wall |
| 15:46 | Build | Palisade Wall |
| 16:00 | Queue | Villager (Male) |
| 16:03 | Build | Farm |
| 16:08 | Build | Mill |
| 16:09 | Queue | Villager (Male) |
| 16:14 | Queue | Skirmisher |
| 16:17 | Build | Farm |
| 16:18 | Queue | Villager (Male) |
| 16:30 | Queue | Villager (Male) |
| 16:44 | Build | Farm |
| 16:44 | Build | Farm |
| 16:44 | Build | Farm |
| 16:48 | Queue | Villager (Male) |
| 16:54 | Queue | Skirmisher |
| 17:02 | Build | Farm |
| 17:05 | Build | Farm |
| 17:22 | Build | Farm |
| 17:24 | Queue | Villager (Male) |
| 17:33 | Build | Palisade Wall |
| 17:38 | Build | Farm |
| 17:41 | Build | Farm |
| 17:45 | Queue | Villager (Male) |
| 17:51 | Queue | Archer |
| 17:55 | Research | Fletching |
| 17:56 | Queue | Skirmisher |
| 18:09 | Queue | Skirmisher |
| 18:14 | Build | Farm |
| 18:16 | Build | Farm |
| 18:16 | Build | Farm |
| 18:17 | Build | Farm |
| 18:39 | Queue | Villager (Male) |
| 18:45 | Build | Farm |
| 19:00 | Build | Farm |
| 19:10 | Queue | Villager (Male) |
| 19:14 | Build | Farm |
| 19:42 | Queue | Villager (Male) |
| 20:12 | Research | Castle Age |
| 20:15 | Build | Stable |
| 20:18 | Build | Stable |
| 20:39 | Queue | Skirmisher |
| 20:47 | Build | Watch Tower |
| 21:04 | Research | Scale Barding Armor |
| 21:17 | Queue | Skirmisher |
| 21:27 | Research | Bloodlines |
| 21:42 | Research | Forging |
| 21:51 | Build | Mining Camp |
| 21:56 | Queue | Skirmisher |
| 22:04 | Queue | Villager (Male) |
| 22:17 | Build | House |
| 22:18 | Build | House |
| 22:45 | Queue | Villager (Male) |
| 22:52 | Age | Castle Age |
| 22:53 | Research | Chain Barding Armor |
| 22:53 | Research | Chain Barding Armor |
| 22:54 | Queue | Knight |
| 22:56 | Queue | Villager (Male) |
| 23:08 | Build | Farm |
| 23:20 | Research | Heavy Plow |
| 23:22 | Queue | Knight |
| 23:44 | Queue | Knight |
| 23:46 | Queue | Villager (Male) |
| 23:55 | Queue | Villager (Male) |
| 24:05 | Queue | Knight |
| 24:34 | Queue | Knight |
| 24:35 | Queue | Villager (Male) |
| 24:35 | Queue | Villager (Male) |
| 25:00 | Queue | Skirmisher |
| 25:00 | Queue | Skirmisher |
| 25:13 | Queue | Knight |
| 25:17 | Queue | Knight |
| 25:19 | Queue | Villager (Male) |
| 25:21 | Queue | Knight |
| 25:35 | Queue | Knight |
| 25:44 | Queue | Villager (Male) |
| 25:46 | Build | Monastery |
Match timeline
| 0:51 | HaleDuck · wall_segment Palisade Wall x1 |
| 0:54 | HaleDuck · wall_segment Palisade Wall x1 |
| 9:09 | HaleDuck · first_building Barracks |
| 10:38 | DaRKN' · first_building Barracks |
| 11:07 | HaleDuck · age_up feudal |
| 11:09 | HaleDuck · first_building Archery Range |
| 12:09 | DaRKN' · age_up feudal |
| 12:10 | DaRKN' · first_building Archery Range |
| 12:31 | DaRKN' · wall_segment Palisade Wall x3 |
| 12:48 | HaleDuck · wall_segment Palisade Wall x5 |
| 12:50 | HaleDuck · wall_segment Palisade Wall x7 |
| 14:22 | HaleDuck · wall_segment Palisade Wall x4 |
| 14:23 | HaleDuck · wall_segment Palisade Wall x6 |
| 14:57 | HaleDuck · wall_segment Palisade Wall x3 |
| 15:00 | HaleDuck · wall_segment Palisade Wall x7 |
| 15:43 | HaleDuck · wall_segment Palisade Wall x1 |
| 15:46 | HaleDuck · wall_segment Palisade Wall x4 |
| 17:09 | DaRKN' · wall_segment Palisade Wall x3 |
| 17:33 | HaleDuck · wall_segment Palisade Wall x1 |
| 20:15 | HaleDuck · first_building Stable |
| 21:57 | DaRKN' · first_market_sell 500 wood |
| 21:58 | DaRKN' · first_market_buy 100 food |
| 22:52 | HaleDuck · age_up castle |
| 24:29 | DaRKN' · wall_segment Palisade Wall x1 |
| 24:31 | DaRKN' · wall_segment Palisade Wall x1 |
| 24:33 | DaRKN' · wall_segment Palisade Wall x1 |
| 25:41 | DaRKN' · age_up castle |
| 25:46 | HaleDuck · first_building Monastery |
| 27:45 | DaRKN' · wall_segment Palisade Wall x2 |
| 32:44 | DaRKN' · wall_segment Palisade Wall x1 |
| 38:36 | HaleDuck · first_market_sell 100 food |
| 38:42 | HaleDuck · first_market_buy 100 food |
| 39:18 | DaRKN' · first_building Siege Workshop |
| 39:43 | DaRKN' · wall_segment Palisade Wall x1 |
| 40:19 | HaleDuck · first_building Siege Workshop |
| 41:54 | HaleDuck · age_up imperial |
| 43:04 | DaRKN' · age_up imperial |
| 46:46 | DaRKN' · resign |
[ AI ANALYSIS · 1 CREDIT ]
What really happened in this match?
Wolo.gg analyzes every decision: build order, eco, micro, common mistakes by bracket. Personalized analysis on WhatsApp or Discord in 30 seconds.
Civ guide
Vikings
Perfil
Jugador #5587599